 Dungeon Crawl Stone Soup version 0.31-a0-640-g39d97e502b (webtiles) character file.

Game seed: 11233019440511746275

1362 Crownlay the Spear-Bearer (level 8, -4/70 HPs)
             Began as a Minotaur Monk on Aug 27, 2023.
             Slain by a steam dragon (5 damage)
             ... on level 6 of the Dungeon.
             The game lasted 00:04:48 (4951 turns).

Crownlay the Spear-Bearer (Minotaur Monk)           Turns: 4951, Time: 00:04:48

Health: -4/70      AC:  3    Str: 17    XL:     8   Next: 37%
Magic:  7/7        EV: 15    Int:  7    God:
Gold:   237        SH:  0    Dex: 20    Spells: 7/7 levels left

rFire   . . .        a - +0 spear
rCold   . . .        d - orb {light}
rNeg    . . .        b - +0 robe
rPois   .            (helmet restricted)
rElec   .            C - +0 cloak
rCorr   .            (no gloves)
SInv    .            (no boots)
Will    .....        (no amulet)
Stlth   +            f - +6 ring of dexterity
HPRegen 0.31/turn    (no ring)
MPRegen 0.10/turn

%: no passive effects
@: confused, ambrosia-drunk, glowing
A: horns 2, retaliatory headbutt
a: no special abilities


You were on level 6 of the Dungeon.
You visited 1 branch of the dungeon, and saw 6 of its levels.

You collected 237 gold pieces.

Inventory:

Hand Weapons
 a - a +0 spear (weapon)
 u - the +7 staff of the Meek {protect, meekguard}
   (You found it on level 3 of the Dungeon)
Armour
 b - a +0 robe (worn)
 d - an orb of light (worn)
 C - a +0 cloak (worn)
Jewellery
 f - a +6 ring of dexterity (left hand)
 h - a ring of wizardry
 i - a ring of resist corrosion
 n - an amulet of faith
Talismans
 q - a dragon-blood talisman
Scrolls
 e - 2 scrolls of identify
 g - a scroll of blinking {unknown}
 l - 2 scrolls of enchant weapon
 m - a scroll of immolation {unknown}
 p - a scroll of silence {unknown}
 s - a scroll of teleportation {unknown}
 t - a scroll of acquirement {unknown}
 w - a scroll of vulnerability {unknown}
 x - a scroll of revelation {unknown}
 y - a scroll of torment {unknown}
 A - a scroll of poison {unknown}
 B - a scroll of fear {unknown}
Potions
 j - 2 potions of brilliance
 k - a potion of invisibility {unknown}
 o - 2 potions of enlightenment {unknown}
 r - a potion of degeneration {unknown}
 v - 2 potions of curing {unknown}
 z - a potion of lignification {unknown}


   Skills:
 - Level 6.0 Fighting
 * Level 11.2 Polearms
 - Level 5.0 Dodging


You had 7 spell levels left.
You didn't know any spells.
Your spell library contained the following spells:

 Spells                   Type           Power      Damage    Failure   Level
 Kiss of Death            Conj/Necr      0%         2d5       43%         1
 Necrotise                Necr           0%         1d4       43%         1
 Slow                     Hex            0%         N/A       43%         1
 Confusing Touch          Hex            0%         N/A       80%         3
 Vampiric Draining        Necr           0%         2d6       80%         3
 Dispel Undead            Necr           0%         3d6       99%         4
 Agony                    Necr           0%         N/A       100%        5


Dungeon Overview and Level Annotations

Branches:
Dungeon (6/15)
 Temple: D:4-7

Altars:

Annotations:
D:3 3 runed translucent doors, Cris's ghost, amateur DsFE


Innate Abilities, Weirdness & Mutations

You have a pair of horns on your head.
You reflexively headbutt those who attack you in melee.


Message History

Press: ? - help, Dir - move target, f/p - steam dragon
Aim: a steam dragon (heavily wounded, catching its breath, haloed, about 16% to evade your +0 spear)
You hit the steam dragon.
The steam dragon is severely wounded.
You are engulfed in a cloud of scalding steam.
* * * LOW HITPOINT WARNING * * *
The steam dragon bites you but does no damage.
The steam dragon claws you.
* * * LOW HITPOINT WARNING * * *
A black bear comes into view.
Reach: a) +0 spear
Press: ? - help, Dir - move target, f/p - steam dragon
Aim: a steam dragon (severely wounded, catching its breath, haloed, about 16% to evade your +0 spear)
The black bear growls angrily.
You hit the steam dragon but do no damage.
The steam dragon is severely wounded.
You are engulfed in a cloud of scalding steam.
* * * LOW HITPOINT WARNING * * *
Reach: a) +0 spear
Press: ? - help, Dir - move target, f/p - steam dragon
Aim: a steam dragon (severely wounded, catching its breath, haloed, about 16% to evade your +0 spear)
You hit the steam dragon.
You headbutt the steam dragon, but do no damage.
The steam dragon is severely wounded.
You are engulfed in a cloud of scalding steam.
* * * LOW HITPOINT WARNING * * *
The steam dragon bites you.
* * * LOW HITPOINT WARNING * * *
The steam dragon closely misses you.
You are confused.
You feel invigorated. The steam dragon breathes steam at you.
The ball of steam misses you. The steam dragon bites you!
* * * LOW HITPOINT WARNING * * *
The steam dragon claws you but does no damage.
You bump into the rock wall.
The steam dragon bites you.
* * * LOW HITPOINT WARNING * * *
The steam dragon claws you.
You die...

##### ...# ###.###
#### #.....# §§# #
###.###.#######.#.#.#
#...# #.......@§....#
#.#.# #.#######D#.###
#.#.....# #.....
#.###.### #..h.## #.#
#.# #..#... #.# # #
#.>..### #.# #.=[..
#.# ....# # #.#


You could see a steam dragon (catching breath) and a black bear.

Vanquished Creatures
  A wyvern (D:5)
  2 sky beasts
  2 ogres (D:5)
  3 black bears
  3 phantoms
  A jelly (D:5)
  A hound (D:5)
  3 iguanas (D:5)
  Terence (D:2)
  2 orc wizards (D:4)
  10 adders
  A white imp (D:6)
  3 dart slugs
  10 orcs
  3 ball pythons
  5 bats
  2 endoplasms (D:3)
  7 goblins
  2 hobgoblins (D:1)
  4 kobolds
  2 quokkas (D:2)
  2 frilled lizards (D:1)
  3 rats
73 creatures vanquished.

Notes
Turn   | Place    | Note
-------+----------+-------------------------------------------
     0 | D:1      | Crownlay the Minotaur Monk began the quest for the Orb.
     0 | D:1      | Reached XP level 1. HP: 19/19 MP: 0/0
   286 | D:1      | Reached XP level 2. HP: 27/27 MP: 1/1
   303 | D:1      | Found a faded altar of an unknown god.
   765 | D:2      | Reached skill level 4 in Polearms
  1102 | D:2      | Noticed Terence
  1111 | D:2      | Killed Terence
  1112 | D:2      | Reached XP level 3. HP: 24/34 MP: 2/2
  1883 | D:3      | Reached XP level 4. HP: 41/41 MP: 3/3
  2084 | D:3      | Found a runed translucent gate.
  2085 | D:3      | Found a runed translucent gate.
  2086 | D:3      | Noticed Cris's ghost (amateur DsFE)
  2087 | D:3      | Found a runed translucent gate.
  2087 | D:3      | Noticed a kobold brigand
  2175 | D:3      | Found the +7 staff of the Meek {protect, meekguard}
  2566 | D:4      | Noticed a phantom
  2580 | D:4      | Killed a phantom
  2581 | D:4      | Reached skill level 5 in Fighting
  2581 | D:4      | Reached skill level 5 in Polearms
  2581 | D:4      | Reached XP level 5. HP: 19/48 MP: 4/4
  2712 | D:4      | Noticed a phantom
  2723 | D:4      | Killed a phantom
  2724 | D:4      | Reached skill level 5 in Dodging
  2771 | D:4      | Noticed a black bear
  2777 | D:4      | Killed a black bear
  2778 | D:4      | Reached skill level 6 in Polearms
  2778 | D:4      | Reached XP level 6. HP: 52/57 MP: 5/5
  2849 | D:4      | Reached skill level 7 in Polearms
  2966 | D:4      | Noticed a sky beast
  2982 | D:4      | Killed a sky beast
  2983 | D:4      | Reached XP level 7. HP: 54/63 MP: 6/6
  3274 | D:5      | Entered Level 5 of the Dungeon
  3374 | D:5      | Reached skill level 8 in Polearms
  3399 | D:5      | Noticed a wyvern
  3421 | D:5      | Killed a wyvern
  3422 | D:5      | Reached skill level 9 in Polearms
  3581 | D:5      | Reached XP level 8. HP: 66/70 MP: 7/7
  3661 | D:5      | Reached skill level 10 in Polearms
  4934 | D:6      | Reached skill level 11 in Polearms
  4948 | D:6      | HP: 2/70 [steam dragon (4)]
  4951 | D:6      | Slain by a steam dragon

Illustrated notes

Levels and vault maps discovered:
D:1:      lemuel_arrival_rhombus, layout_basic,
          hellmonk_ecumenical_altar_arch_garden
D:2:      layout_basic, uniq_terence
D:3:      layout_basic, gammafunk_ghost_nasty_kobolds
D:4:      layout_cave_pools, chequers_serial_rivers_micro_c,
          nicolae_hexahallways, kennysheep_nub
D:5:      layout_layer_cave
D:6:      layout_loops_ring, nicolae_overflow_crystal_walls,
          nicolae_ossuary_entry_monument, gup_sewer_entry_spiral, uniq_menkaure

Skill      XL: |  1  2  3  4  5  6  7  8 |
---------------+-------------------------+-----
Fighting       | 4 5 6 |  6.0
Polearms       | 4 5 6 7 9 11 | 11.2
Dodging        | 4 5 |  5.0

Action                     |  1- 3 |  4- 6 |  7- 9 || total
---------------------------+-------+-------+-------++-------
  Melee: Spear             |    68 |    92 |   114 ||   274
         Headbutt          |     9 |    27 |    31 ||    67
  Evoke: Wand              |       |     1 |     3 ||     4
    Use: Scroll            |       |       |     2 ||     2
         Potion            |       |       |     2 ||     2
 Armour: Robe              |     6 |     8 |     9 ||    23
  Dodge: Dodged            |    25 |    42 |    49 ||   116

Table legend: (Time is in decaauts)
 A = Elapsed time spent in this place.
 B = Non-inter-level travel time spent in this place.
 C = Inter-level travel time spent in this place.
 D = Time resting spent in this place.
 E = Time spent auto-exploring this place.
 F = Levels seen in this place.
 G = Mean time per level.
                   A        B        C        D        E       F      G
               +--------+--------+--------+--------+--------+-----+--------+
         Total |   4883 |   4626 |    257 |      0 |   4055 |   6 |  813.8 |
       Dungeon |   4883 |   4626 |    257 |      0 |   4055 |   6 |  813.8 |
               +--------+--------+--------+--------+--------+-----+--------+

Top non-repeatable levels by time:
     D:5: 1549 daAuts
     D:2: 1247 daAuts
     D:4: 935 daAuts
     D:1: 600 daAuts
     D:3: 463 daAuts
     D:6: 87 daAuts
